 Dungeon Crawl Stone Soup version 0.18.1-8-gdd0e5ea (webtiles) character file.

93 georgeearnest the Insei (level 4, -7/39 HPs)
             Began as a Draconian Monk on May 27, 2016.
             Killed by divine providence
             ... invoked by an orc priest
              (11 damage)
             ... on level 3 of the Dungeon.
             The game lasted 00:03:05 (1383 turns).

georgeearnest the Insei (Draconian Monk)            Turns: 1383, Time: 00:03:06

Health: -7/39      AC:  5    Str: 13    XL:     4   Next: 37%
Magic:  4/4        EV: 11    Int: 11    God:
Gold:   156        SH:  9    Dex: 14    Spells: 0 memorised, 3 levels left

rFire  . . .     SeeInvis .       - Unarmed
rCold  . . .     Gourm    .     (armour unavailable)
rNeg   . . .     Faith    .     c - +2 shield
rPois  .         Spirit   .     (helmet restricted)
rElec  .         Dismiss  .     (no cloak)
rCorr  .         Reflect  .     (no gloves)
SustAt .         Harm     .     (no boots)
MR     .....                    (no amulet)
Stlth  ++........               (no ring)
                                (no ring)

@: not resistant to hostile enchantments, unstealthy
A: unfitting armour, cold-blooded, AC +5
a: no special abilities


You were on level 3 of the Dungeon.
You were not hungry.

You visited 1 branch of the dungeon, and saw 3 of its levels.

You collected 156 gold pieces.

Inventory:

Missiles
 i - a throwing net (quivered)
Armour
 c - a +2 shield (worn)
Scrolls
 d - 2 scrolls of random uselessness {unknown}
 e - a scroll of remove curse {unknown}
 f - 2 scrolls of identify {unknown}
 h - a scroll of amnesia {unknown}
 k - 2 scrolls of enchant weapon {unknown}
Potions
 j - 3 potions of haste {unknown}
 l - a potion of ambrosia {unknown}
 n - a potion of degeneration {unknown}
Comestibles
 b - 2 beef jerkies
 m - 2 meat rations


   Skills:
 + Level 3.6 Fighting
 + Level 3.4 Dodging
 + Level 2.3 Stealth
 + Level 1.4 Shields
 + Level 4.5 Unarmed Combat


You had 3 spell levels left.
You didn't know any spells.

Dungeon Overview and Level Annotations

Branches:
Dungeon (3/15)

Altars:


Innate Abilities, Weirdness & Mutations

Your plain brown scales are hard (AC +5).
Your body does not fit into most forms of armour.
You are cold-blooded and may be slowed by cold attacks.


Message History

The orc shouts!
You hit the adder.
You kill the adder!
The orc wizard gestures wildly while chanting.
The orc wizard seems to speed up.
You block the goblin's attack.
An orc priest comes into view. It is wielding a dagger.
The orc priest shouts!
You hear a shout!
You hit the orc priest.
The orc priest is moderately wounded.
The orc priest calls down the wrath of Beogh upon you.
Beogh smites you!
* * * LOW HITPOINT WARNING * * *
You block the goblin's attack.
You hit the orc priest.
The orc priest is heavily wounded.
The orc priest hits you with a whip.
* * * LOW HITPOINT WARNING * * *
The orc priest mumbles some strange prayers to Beogh against you.
Beogh smites you!
You die...

####....####.#.#
#.#.## #.#.###
#.#.# #.#...# #
#.#. ####.###.###.#
#.##............#..
#..................
#.......###o#.####.
###.#.#.# #o#.#
##o##.# #@#.# ..o
..# #g# # ### #.#
#o. #.. .o.# ###
#..o #.#.# #..#.
### ##


You could see 2 orc priests, 2 orc wizards, an orc and a goblin.

Vanquished Creatures
  An orc wizard (D:3)
  An adder (D:3)
  A worm (D:2)
  2 dart slugs (D:2)
  2 giant geckos (D:2)
  5 orcs (D:3)
  3 bats
  A giant cockroach (D:1)
  3 goblins
  6 hobgoblins
  2 jackals (D:2)
  2 kobolds
  3 giant newts
  7 rats
39 creatures vanquished.

Notes
Turn   | Place    | Note
--------------------------------------------------------------
     0 | D:1      | georgeearnest the Draconian Monk began the quest for the Orb.
     0 | D:1      | Reached XP level 1. HP: 19/19 MP: 1/1
   330 | D:1      | Reached XP level 2. HP: 26/26 MP: 2/2
   426 | D:1      | You fall through a shaft!
   769 | D:2      | Reached XP level 3. HP: 26/31 MP: 3/3
  1125 | D:3      | Reached skill level 1 in Shields
  1139 | D:3      | Reached XP level 4. HP: 25/39 MP: 4/4
  1383 | D:3      | Killed from afar by an orc priest

Skill      XL: |  1  2  3 |
---------------+----------+-----
Stealth        | 2 |  2.3
Dodging        | 3 |  3.4
Shields        | 1 |  1.4
Fighting       | |  3.6
Unarmed Combat | |  4.5

Action                   |  1- 3 |  4- 6 || total
-------------------------+-------+-------++-------
Melee: Unarmed           |   117 |    23 ||   140
       Tailslap          |    11 |     1 ||    12
  Use: Potion            |     2 |     1 ||     3
 Stab: Sleeping          |     2 |       ||     2
  Eat: Bread ration      |     1 |       ||     1
Armor: Skin              |    33 |     3 ||    36
Dodge: Dodged            |    50 |     6 ||    56
Block: Shield            |    53 |    12 ||    65
